 Dungeon Crawl Stone Soup version 0.26-a0-597-gb535b0901c (webtiles) character file.

Game seed: 8526793598234223167

29 PentaManta the Sneak (level 3, 18/18 HPs)
             Began as a Spriggan Brigand on Aug 27, 2020.
             Got out of the dungeon alive.
             The game lasted 00:05:28 (1467 turns).

PentaManta the Sneak (Spriggan Brigand)             Turns: 1467, Time: 00:05:29

Health: 18/18      AC:  3    Str:  7    XL:     3   Next: 1%
Magic:  4/4        EV: 19    Int: 12    God:
Gold:   35         SH:  0    Dex: 18    Spells: 2/2 levels left

rFire    . . .     SeeInvis +   a - +2 dagger
rCold    . . .     Faith    .   (shield restricted)
rNeg     . . .     Spirit   .   b - +0 robe
rPois    +         Reflect  .   (helmet restricted)
rElec    .         Harm     .   c - +0 cloak
rCorr    .                      (gloves unavailable)
MR       .....                  (boots unavailable)
Stlth    +++.......             (no amulet)
HPRegen  0.06/turn              g - ring of poison resistance
MPRegen  0.09/turn              (no ring)

@: very quick
A: very small, unfitting armour, see invisible, speed 3
a: no special abilities


You escaped.
You visited 1 branch of the dungeon, and saw 1 of its levels.

You collected 35 gold pieces.

Inventory:

Hand Weapons
 a - a +2 dagger (weapon)
Missiles
 d - 8 poisoned darts (quivered)
 e - 2 curare-tipped darts
Armour
 b - a +0 robe (worn)
 c - a +0 cloak (worn)
Jewellery
 g - a ring of poison resistance (left hand)
 i - an uncursed ring of protection from cold {unknown}
Scrolls
 f - a scroll of enchant armour {unknown}
 h - 2 scrolls of identify {unknown}
 k - a scroll of magic mapping {unknown}
 l - a scroll of remove curse {unknown}
 p - a scroll of teleportation {unknown}
 q - 3 scrolls of enchant weapon {unknown}
Potions
 j - 2 potions of degeneration {unknown}
 m - a potion of magic {unknown}
 n - a potion of brilliance {unknown}
 o - 2 potions of lignification {unknown}


   Skills:
 - Level 1.5 Fighting
 + Level 2.6 Short Blades
 - Level 2.0 Throwing
 * Level 3.3 Dodging
 + Level 6.2 Stealth


You had 2 spell levels left.
You didn't know any spells.
Your spell library was empty.

Dungeon Overview and Level Annotations

Branches:
Dungeon (1/15)

Altars:


Innate Abilities, Weirdness & Mutations

You are very small and have problems with some larger weapons.
You are too small for most types of armour.
You have supernaturally acute eyesight. (SInv)
You cover ground extremely quickly.


Message History

Press ? for a list of commands and other information.
You see here a bat corpse.
There is a fountain of clear blue water here.
You see here a giant cockroach corpse.
You see here a bat corpse.
There is a fountain of clear blue water here.
You see here a giant cockroach corpse.
You can't go down here!
You can't go up here!
You don't know any spells.
Press: ? - help, v - describe, . - travel The floor.
Done exploring.
There is an open door here.
There is a fountain of clear blue water here.
There is an open door here.
There is an open door here.
There is a staircase leading out of the dungeon here.
Are you sure you want to leave the Dungeon?
This will make you lose the game!
You have escaped!

###### ##
#....###############.
####........##...#......
####....#####...###.....###
#....####...####.....####..
#..###.........###'###.....
#..#......@......'.'......⌠
##.###.........###'###.....
#....####...####.....####..
#.......#####......#....###
##...................##....
#.....###...#......#..##...
#.##### ########..###.###..
### ##.##### ##. ##....# #.


There were no monsters in sight!

Vanquished Creatures
  A dart slug (D:1)
  A leopard gecko (D:1)
  2 giant cockroaches (D:1)
  2 hobgoblins (D:1)
  4 jackals (D:1)
  5 bats (D:1)
  4 frilled lizards (D:1)
  3 goblins (D:1)
  3 kobolds (D:1)
25 creatures vanquished.

Vanquished Creatures (others)
  2 plants (D:1)
2 creatures vanquished.

Grand Total: 27 creatures vanquished

Notes
Turn   | Place    | Note
-------+----------+-------------------------------------------
     0 | D:1      | PentaManta the Spriggan Brigand began the quest for the
                  | Orb.
     0 | D:1      | Reached XP level 1. HP: 10/10 MP: 2/2
   141 | D:1      | Reached skill level 6 in Stealth
   176 | D:1      | Reached XP level 2. HP: 11/14 MP: 3/3
  1345 | D:1      | Reached XP level 3. HP: 18/18 MP: 4/4
  1467 | D:$      | Got out of the dungeon alive.

Illustrated notes

Levels and vault maps discovered:
D:1:      elethiomel_arrival_infinity_welcomes_careful_drivers,
          layout_loops_cross, serial_forest, infiniplex_forest_corner_1,
          infiniplex_forest_clump_curved, infiniplex_forest_clump_medium,
          infiniplex_forest_clump_diagonal, infiniplex_forest_clump_long,
          hangedman_feature_mirror, minmay_tall_x

Skill      XL: |  1  2 |
---------------+-------+-----
Dodging        | 2 3 |  3.3
Stealth        | 6 |  6.2
Fighting       | |  1.5
Short Blades   | |  2.6
Throwing       | |  2.0

Action                   || total
-------------------------++-------
Melee: Dagger            ||    79
Throw: Dart              ||     1
 Stab: Sleeping          ||     8
Armor: Robe              ||     7
Dodge: Dodged            ||    54

Table legend: (Time is in decaauts)
 A = Elapsed time spent in this place.
 B = Non-inter-level travel time spent in this place.
 C = Inter-level travel time spent in this place.
 D = Time resting spent in this place.
 E = Time spent auto-exploring this place.
 F = Levels seen in this place.
 G = Mean time per level.
                   A        B        C        D        E       F      G
               +--------+--------+--------+--------+--------+-----+--------+
         Total |   1067 |   1067 |      0 |    283 |    532 |   1 | 1067.0 |
       Dungeon |   1067 |   1067 |      0 |    283 |    532 |   1 | 1067.0 |
               +--------+--------+--------+--------+--------+-----+--------+

Top non-repeatable levels by time:
     D:1: 1067 daAuts
